 Dungeon Crawl Stone Soup version 0.22-a0-149-g870e420 (webtiles) character file.

96 KristoblXynda the Slasher (level 4, -3/36 HPs)
             Began as a Draconian Gladiator on Feb 7, 2018.
             Slain by a gnoll
             ... wielding a +0 spear
              (8 damage)
             ... on level 2 of the Dungeon.
             The game lasted 00:02:28 (1882 turns).

KristoblXynda the Slasher (Draconian Gladiator)     Turns: 1882, Time: 00:02:28

Health: -3/36      AC:  5    Str: 16    XL:     4   Next: 41%
Magic:  4/4        EV: 13    Int:  9    God:
Gold:   57         SH:  0    Dex: 13    Spells: 3/3 levels left

rFire    . . .     SeeInvis .   a - +0 long sword
rCold    . . .     Gourm    .   (no shield)
rNeg     . . .     Faith    .   (armour unavailable)
rPois    .         Spirit   .   b - +0 hat
rElec    .         Reflect  .   (no cloak)
rCorr    .         Harm     .   (no gloves)
MR       .....                  (no boots)
Stlth    +.........             (no amulet)
HPRegen  0.12/turn              (no ring)
MPRegen  0.09/turn              (no ring)

@: no status effects
A: unfitting armour, cold-blooded, AC +5
a: no special abilities


You were on level 2 of the Dungeon.
You were not hungry.

You visited 1 branch of the dungeon, and saw 2 of its levels.

You collected 57 gold pieces.

Inventory:

Hand Weapons
 a - a +0 long sword (weapon)
Missiles
 c - 3 throwing nets (quivered)
Armour
 b - a +0 hat (worn)
Scrolls
 f - 3 scrolls of teleportation {unknown}
 g - a scroll of enchant armour {unknown}
 h - a scroll of immolation {unknown}
 k - a scroll of noise {unknown}
 l - a scroll of identify {unknown}
 m - a scroll of enchant weapon {unknown}
Potions
 e - 2 potions of curing {unknown}
 i - a potion of heal wounds {unknown}
 j - a potion of magic {unknown}
Comestibles
 d - 2 rations


   Skills:
 - Level 2.1 Fighting
 * Level 4.5 Long Blades
 - Level 2.0 Throwing
 + Level 3.5 Dodging


You had 3 spell levels left.
You didn't know any spells.

Dungeon Overview and Level Annotations

Branches:
Dungeon (2/15)

Altars:
Dithmenos


Innate Abilities, Weirdness & Mutations

Your plain brown scales are hard. (AC +5)
You cannot fit into any form of body armour.
You are cold-blooded and may be slowed by cold attacks.


Message History

The gnoll hits you with a spear.
* * * LOW HITPOINT WARNING * * *
The gnoll closely misses you.
You riposte.
You closely miss the gnoll.
The gnoll is moderately wounded.
You completely miss the gnoll.
Your tail-slap misses the gnoll.
The gnoll is moderately wounded.
The gnoll closely misses you.
You riposte.
You closely miss the gnoll.
The gnoll is moderately wounded.
You hit the gnoll.
You tail-slap the gnoll, but do no damage.
The gnoll is severely wounded.
The gnoll hits you but does no damage.
You closely miss the gnoll.
The gnoll is severely wounded.
The gnoll hits you with a spear.
* * * LOW HITPOINT WARNING * * *
You hit the gnoll.
The gnoll is severely wounded.
The gnoll hits you with a spear!
You die...

........##..###
#..##......##.....
#.# ##...#.##.####
#.# ##.##.##.# #.#
#.##.##.# #.#
#.##.##.#### #g#
#.##........ #g#
#.#####.#### #@#
#.# #.#
#.#####.### #.#
#...†.....###.#
#######.......####
###.........
##########


You could see 2 gnolls.

Vanquished Creatures
  2 gnolls (D:2)
  An adder (D:2)
  An ooze (D:2)
  2 worms (D:2)
  3 dart slugs (D:1)
  4 leopard geckos (D:1)
  7 bats
  2 giant cockroaches (D:1)
  12 goblins
  2 hobgoblins
  4 frilled lizards
  4 kobolds (D:1)
  3 rats (D:1)
47 creatures vanquished.

Notes
Turn   | Place    | Note
-------+----------+-------------------------------------------
     0 | D:1      | KristoblXynda the Draconian Gladiator began the quest for the Orb.
     0 | D:1      | Reached XP level 1. HP: 17/17 MP: 1/1
   348 | D:1      | Reached XP level 2. HP: 23/24 MP: 2/2
   608 | D:1      | Reached XP level 3. HP: 26/29 MP: 3/3
  1063 | D:2      | Reached skill level 4 in Long Blades
  1209 | D:2      | HP: 1/29 [gnoll/halberd (8)]
  1544 | D:2      | Reached XP level 4. HP: 31/36 MP: 4/4
  1835 | D:2      | Found a shadowy altar of Dithmenos.
  1882 | D:2      | Slain by a gnoll

Vault maps used:
D:1:      dpeg_arrival_rooms_with_view
D:2:      grunt_dithmenos_smoke

Skill      XL: |  1  2  3 |
---------------+----------+-----
Throwing       | 2 |  2.0
Dodging        | 3 |  3.5
Long Blades    | 4 |  4.5
Fighting       | |  2.1

Action                   |  1- 3 |  4- 6 || total
-------------------------+-------+-------++-------
Melee: Long sword        |   106 |    30 ||   136
       Tailslap          |     6 |     4 ||    10
 Stab: Sleeping          |     2 |       ||     2
  Eat: Ration            |     1 |       ||     1
       Chunk             |     1 |       ||     1
Armor: Skin              |    23 |     3 ||    26
Dodge: Dodged            |    83 |    24 ||   107
       Rpst.: Long sword |    18 |     9 ||    27

Table legend:
 A = Spawn XP
 B = Non-spawn XP
 C = Spawn XP percentage of total XP
 D = Spawn monster count
 E = Non-spawn monster count
 F = Spawn count percentage of total count
 G = Total turns spent on level
                    A         B        C        D         E        F      G
               +---------+---------+-------+---------+---------+-------+---------
         Total |       0 |     138 |   0.0 |       0 |      47 |   0.0 |  1882
               +---------+---------+-------+---------+---------+-------+---------
           D:1 |       0 |      62 |   0.0 |       0 |      31 |   0.0 |  1376
           D:2 |       0 |      76 |   0.0 |       0 |      16 |   0.0 |   506
               +---------+---------+-------+---------+---------+-------+---------
